 Dungeon Crawl Stone Soup version 0.22.1-1-ga44c0e56f4 (webtiles) character file.

229 Kniotic the Insei (level 5, 0/41 HPs)
             Began as a Demonspawn Monk on Oct 26, 2018.
             Slain by an ogre
             ... wielding a +0 giant spiked club
              (22 damage)
             ... on level 4 of the Dungeon.
             The game lasted 00:05:46 (5069 turns).

Kniotic the Insei (Demonspawn Monk)                 Turns: 5069, Time: 00:05:47

Health: 0/41       AC:  2    Str: 13    XL:     5   Next: 71%
Magic:  14/14      EV: 13    Int: 11    God:
Gold:   223        SH:  0    Dex: 17    Spells: 4/4 levels left

rFire    . . .     SeeInvis .     - Unarmed
rCold    . . .     Gourm    .   (no shield)
rNeg     . . .     Faith    .   a - +0 robe
rPois    .         Spirit   .   (no helmet)
rElec    .         Reflect  .   (no cloak)
rCorr    .         Harm     .   (no gloves)
MR       .....                  (no boots)
Stlth    +++.......             (no amulet)
HPRegen  0.13/turn              h - ring of magical power
MPRegen  0.14/turn              (no ring)

@: no status effects
A: thin skeletal structure 1
a: no special abilities


You were on level 4 of the Dungeon.
You were not hungry.

You visited 1 branch of the dungeon, and saw 4 of its levels.

You collected 223 gold pieces.

Inventory:

Armour
 a - a +0 robe (worn)
Jewellery
 h - a ring of magical power (left hand)
Scrolls
 c - 3 scrolls of magic mapping
 d - 2 scrolls of fog
 e - a scroll of noise {unknown}
 f - 2 scrolls of remove curse {unknown}
 i - 3 scrolls of teleportation
 m - a scroll of enchant armour {unknown}
Potions
 j - a potion of invisibility
 k - a potion of curing
 l - a potion of mutation
 n - a potion of degeneration
Comestibles
 b - 8 rations


   Skills:
 - Level 3.0 Fighting
 - Level 2.6 Dodging
 - Level 1.7 Stealth
 + Level 5.9 Unarmed Combat


You had 4 spell levels left.
You didn't know any spells.
Your spell library was empty.

Dungeon Overview and Level Annotations

Branches:
Dungeon (4/15)
 Temple: D:4-7

Altars:

Annotations:
D:4 Edmund


Innate Abilities, Weirdness & Mutations

You have a somewhat thin skeletal structure. (Dex +2, Stealth)


Message History

You barely miss the hound.
The hound is heavily wounded.
The hound bites you.
You hit the hound.
The hound is severely wounded.
The hound bites you.
You punch the hound!
You kill the hound!
Edmund says, "People think my brother is the best.
I think he's crazy."
Found a ration.
Found a stone staircase leading up.
An ogre comes into view. It is wielding a giant spiked club.
The ogre shouts!
Found a fuming amethyst potion.
You hear the slow rusting of a very distant drain.
An ogre comes into view. It is wielding a giant club.
The ogre shouts!
The ogre hits you with a giant spiked club!!
Ouch! That really hurt!
You die...

##### #.. ....##
#.. #....
#..##...###..
#..#.......
#####..#....###.#
...O.....@......#
#.......O.#####
#.###@###.#
#.###.# #.#...##
. #.#....# ..
#.#....#...
#.#....!.#
#.#......


You could see Edmund and 2 ogres.

Vanquished Creatures
  A hound (D:4)
  An orc priest (D:3)
  5 adders
  2 oozes (D:2)
  4 worms
  2 dart slugs (D:1)
  2 leopard geckos (D:1)
  9 orcs (D:3)
  A ball python (D:1)
  3 giant cockroaches
  9 goblins
  12 hobgoblins
  5 jackals
  9 kobolds
  A quokka (D:3)
  8 bats
  3 frilled lizards (D:1)
  12 rats
89 creatures vanquished.

Notes
Turn   | Place    | Note
-------+----------+-------------------------------------------
     0 | D:1      | Kniotic the Demonspawn Monk began the quest for the Orb.
     0 | D:1      | Reached XP level 1. HP: 18/18 MP: 1/1
   382 | D:1      | Reached skill level 3 in Unarmed Combat
   738 | D:1      | Gained mutation: You have a somewhat thin skeletal
                  | structure. (Dex +2, Stealth) [demonic ancestry]
   738 | D:1      | Reached XP level 2. HP: 18/24 MP: 2/2
  1373 | D:1      | Reached XP level 3. HP: 24/29 MP: 3/3
  1459 | D:1      | You fall through a shaft!
  1485 | D:2      | Reached skill level 4 in Unarmed Combat
  2380 | D:2      | Reached XP level 4. HP: 22/35 MP: 4/4
  3674 | D:3      | Reached skill level 5 in Unarmed Combat
  4069 | D:3      | Reached XP level 5. HP: 21/41 MP: 5/5
  5003 | D:4      | Noticed Edmund
  5055 | D:4      | Noticed an ogre
  5067 | D:4      | Noticed an ogre
  5069 | D:4      | Slain by an ogre

Skill      XL: |  1  2  3  4 |
---------------+-------------+-----
Unarmed Combat | 3 4 5 |  5.9
Fighting       | |  3.0
Dodging        | |  2.6
Stealth        | |  1.7

Action                   |  1- 3 |  4- 6 || total
-------------------------+-------+-------++-------
Melee: Unarmed           |   150 |   189 ||   339
       Punch             |     2 |     4 ||     6
  Use: Potion            |     1 |       ||     1
       Scroll            |       |     7 ||     7
 Stab: Sleeping          |     5 |     3 ||     8
  Eat: Chunk             |     5 |     8 ||    13
Armor: Robe              |    38 |    21 ||    59
Dodge: Dodged            |   113 |   104 ||   217
